 Dungeon Crawl Stone Soup version 0.26.1-11-gd32895ea62 (webtiles) character file.

Game seed: 4365376738423592293

458 Zeld the Changer (level 7, -2/47 HPs)
             Began as an Octopode Transmuter on Sept 13, 2021.
             Slain by an orc wizard
             ... wielding a +0 dagger
              (3 damage)
             ... on level 3 of the Dungeon.
             The game lasted 00:05:00 (4725 turns).

Zeld the Changer (Octopode Transmuter)              Turns: 4725, Time: 00:05:00

Health: -2/47      AC:  2    Str: 12    XL:     7   Next: 6%
Magic:  7/12       EV: 21    Int: 15    God:
Gold:   209        SH:  0    Dex: 17    Spells: 3/13 levels left

rFire    . . .     SeeInvis .     - Unarmed
rCold    . . .     Faith    .   (shield currently unavailable)
rNeg     . . .     Spirit   .   (helmet currently unavailable)
rPois    x         Reflect  .   (no amulet)
rElec    .         Harm     .   (no ring)
rCorr    .         Rampage  .   (no ring)
Will     .....                  (no ring)
Stlth    ++........             (no ring)
HPRegen  0.15/turn              (no ring)
MPRegen  0.13/turn              (no ring)
                                (no ring)
                                (no ring)

@: lethally poisoned (-2 -> -5), spider-form
A: tiny, almost no armour, stealthy swim, (amphibious), 8 rings, (constrict 8)
a: End Transformation


You were on level 3 of the Dungeon.
You were a venomous arachnid creature.
You visited 1 branch of the dungeon, and saw 6 of its levels.

You collected 209 gold pieces.

Inventory:

Jewellery
 n - a cursed -4 ring of evasion {unknown}
 o - an uncursed ring of magical power {unknown}
 p - an uncursed ring of poison resistance {unknown}
Wands
 q - a wand of digging (5)
 r - a wand of flame (3)
 s - a wand of iceblast (7)
 t - a wand of acid (11)
Scrolls
 f - 5 scrolls of remove curse {unknown}
 g - 2 scrolls of blinking {unknown}
 h - a scroll of enchant weapon {unknown}
 k - a scroll of teleportation {unknown}
 l - 3 scrolls of identify {unknown}
 m - 2 scrolls of immolation {unknown}
 v - a scroll of random uselessness {unknown}
Potions
 a - a potion of attraction {unknown}
 b - a potion of berserk rage {unknown}
 c - a potion of curing {unknown}
 d - a potion of might {unknown}
 e - a potion of magic {unknown}
 i - a potion of heal wounds {unknown}
 j - 4 potions of lignification {unknown}
 u - a potion of cancellation {unknown}
 w - a potion of resistance {unknown}


   Skills:
 * Level 3.6 Fighting
 + Level 3.0 Dodging
 - Level 3.0 Unarmed Combat
 * Level 3.6 Spellcasting
 * Level 3.9 Transmutations
 + Level 1.0 Ice Magic
 + Level 2.4 Poison Magic


You had 3 spell levels left.
You knew the following spells:

 Your Spells              Type           Power        Failure   Level
a - Beastly Appendage     Tmut           28%          12%         1
b - Wereblood             Tmut           14%          16%         2
c - Spider Form           Tmut/Pois      6%           34%         3
d - Ice Form              Ice/Tmut       10%          77%         4

Your spell library contained the following spells:

 Spells                   Type           Power        Failure   Level
 Blade Hands              Tmut           7%           87%         5


Dungeon Overview and Level Annotations

Branches:
Dungeon (6/15)
 Temple: D:4-7

Altars:
Okawaru

Annotations:
D:5 1 runed translucent door


Innate Abilities, Weirdness & Mutations

You cannot wear most types of armour.
You are very stealthy in the water. (Stealth+)
((You are amphibious.))
You can wear up to eight rings at the same time.
((You can use your tentacles to constrict eight enemies at once.))
((Your skin changes colour to match your surroundings (Stealth+).))
((Your rubbery body absorbs attacks. (AC +1, EV +1)))


Message History

You feel sick.
There is a stone staircase leading up here.
The orc wizard hits you with a +0 dagger!
* * * LOW HITPOINT WARNING * * *
You climb upwards.
You feel sick.
There is a stone staircase leading down here.
You hit the orc wizard.
The orc wizard looks as sick as possible!
The orc wizard is severely wounded.
You feel sick.
The orc wizard hits you with a +0 dagger.
* * * LOW HITPOINT WARNING * * *
Casting: Spider Form (quite dangerous; 34% risk of failure)
Confirm with . or Enter, or press ? or * to list all spells.
The spell is quite dangerous to cast (34% risk of failure)!
Continue anyway? [Y]es or [N]o only, please.
The spell is quite dangerous to cast (34% risk of failure)!
Continue anyway?
You extend your transformation's duration.
The orc wizard hits you with a +0 dagger.
You die...

#...........#
#...........#
#...........#
#...........#
#...........#
#.....[.[...#
#........#..##
#........##..#
###########os#
##.# #.# #.#
#.# #.#######
############
#.......#
...........#
#######.#
...........#
#.#


You could see an orc wizard (extremely poisoned).

Vanquished Creatures
  Eustachio (D:6)
  An ogre (D:4)
  2 orc wizards (D:4)
  2 worker ants
  4 adders
  A shadow imp (D:6)
  A worm (D:2)
  3 dart slugs
  A leopard gecko (D:5)
  6 orcs
  A ball python (D:1)
  7 bats
  4 giant cockroaches
  4 goblins
  14 hobgoblins
  13 jackals
  2 quokkas (D:2)
  A ball python skeleton (D:4)
  5 frilled lizards
  4 kobolds
  5 rats
82 creatures vanquished.

Notes
Turn   | Place    | Note
-------+----------+-------------------------------------------
     0 | D:1      | Zeld the Octopode Transmuter began the quest for the Orb.
     0 | D:1      | Reached XP level 1. HP: 13/13 MP: 3/3
   274 | D:1      | Reached XP level 2. HP: 17/18 MP: 3/5
   298 | D:1      | Found an iron altar of Okawaru.
   637 | D:1      | Reached XP level 3. HP: 24/24 MP: 6/6
   640 | D:1      | Learned a level 2 spell: Wereblood
   644 | D:1      | Learned a level 3 spell: Spider Form
   765 | D:1      | You fall into a shaft and drop 1 floor!
  1838 | D:2      | Reached skill level 1 in Poison Magic
  1932 | D:2      | Reached XP level 4. HP: 29/29 MP: 5/7
  2382 | D:3      | Found a faded altar of an unknown god.
  3255 | D:4      | Reached XP level 5. HP: 10/35 MP: 1/9
  3515 | D:4      | Noticed an ogre
  3527 | D:4      | Killed an ogre
  3528 | D:4      | Reached XP level 6. HP: 15/42 MP: 7/10
  3533 | D:4      | Learned a level 4 spell: Ice Form
  3932 | D:4      | You fall into a shaft and drop 2 floors!
  4030 | D:6      | Noticed Eustachio
  4047 | D:6      | Killed Eustachio
  4281 | D:5      | Entered Level 5 of the Dungeon
  4285 | D:5      | Found a runed translucent door.
  4312 | D:5      | Noticed a sky beast
  4718 | D:4      | Reached skill level 1 in Ice Magic
  4718 | D:4      | Reached XP level 7. HP: 32/47 MP: 9/12
  4724 | D:3      | HP: 1/47 [orc wizard/+0 dagger (5)]
  4725 | D:3      | Slain by an orc wizard

Illustrated notes

Levels and vault maps discovered:
D:1:      dpeg_arrival_rhombus, layout_basic, okawaru_ov_weapons_minmay
D:2:      layout_basic
D:3:      layout_basic, chequers_ecumenical_altar_island
D:4:      layout_basic, minmay_temple_entry_fiery
D:5:      layout_cave_pools, ebering_ghost_reflecting_pool
D:6:      layout_loops_corners, ebering_ghost_disaster_area, uniq_eustachio

Skill      XL: |  1  2  3  4  5  6 |
---------------+-------------------+-----
Fighting       | 2 3 |  3.6
Poison Magic   | 1 2 |  2.4
Transmutations | 3 |  3.9
Spellcasting   | 3 |  3.6
Dodging        | 3 |  3.0
Ice Magic      | 1 |  1.0
Unarmed Combat | |  3.0

Action                   |  1- 3 |  4- 6 |  7- 9 || total
-------------------------+-------+-------+-------++-------
Melee: Unarmed           |    93 |   110 |     4 ||   207
       Constrict         |    32 |    25 |       ||    57
       Tentacles         |    13 |     8 |       ||    21
       Kick              |    15 |    15 |       ||    30
       Punch             |     1 |     1 |       ||     2
 Cast: Beastly Appendage |    29 |    25 |       ||    54
       Spider Form       |       |     4 |     1 ||     5
       Wereblood         |       |     1 |       ||     1
 Stab: Sleeping          |     6 |     2 |       ||     8
Armor: Skin              |    15 |    13 |       ||    28
Dodge: Dodged            |    77 |    88 |     3 ||   168
